 Dungeon Crawl Stone Soup version 0.31-a0-40-g1d5085d191 (webtiles) character file.

Game seed: 12745334279205974862

515 hwolsky the Gusty (level 7, 46/50 HPs) *EXPLORE*
             Began as a White Draconian Air Elementalist on May 17, 2023.
             Quit the game on level 4 of the Dungeon.
             The game lasted 00:12:03 (4411 turns).

hwolsky the Gusty (DrAE)                            Turns: 4411, Time: 00:12:04

Health: 46/50      AC:  8    Str: 10    XL:     7   Next: 0%
Magic:  1/10       EV: 12    Int: 18    God:
Gold:   164        SH:  0    Dex: 11    Spells: 4/10 levels left

rFire   . . .        (no weapon)
rCold   + . .        (no shield)
rNeg    . . .        (body armour unavailable)
rPois   .            (helmet restricted)
rElec   .            g - +0 cloak
rCorr   .            k - +0 pair of gloves
SInv    .            (no boots)
Will    .....        (no amulet)
Stlth   ++           (no ring)
HPRegen 0.28/turn    (no ring)
MPRegen 0.12/turn

%: no passive effects
@: no status effects
A: breathe frost, AC +6, unfitting armour, cold resistance 1, cold-blooded
a: Breathe Frost


You were on level 4 of the Dungeon.
You visited 1 branch of the dungeon, and saw 4 of its levels.

You collected 164 gold pieces.

Inventory:

Armour
 g - a +0 cloak (worn)
 k - a +0 pair of gloves (worn)
Wands
 j - a wand of roots (5)
Scrolls
 h - 2 scrolls of fear
 i - a scroll of identify
 t - a scroll of teleportation
Potions
 a - a potion of magic
 b - 2 potions of curing
 c - a potion of might {unknown}
 d - 2 potions of brilliance {unknown}
 e - 2 potions of heal wounds {unknown}
 f - a potion of ambrosia {unknown}
 l - 2 potions of resistance


   Skills:
 + Level 3.3 Dodging
 + Level 3.6 Stealth
 - Level 2.0 Spellcasting
 + Level 3.3 Conjurations
 * Level 5.5 Air Magic


You had 4 spell levels left.
You knew the following spells:

 Your Spells              Type           Power      Damage    Failure   Level
a - Shock                 Conj/Air       68%        1d7       3%          1
b - Static Discharge      Conj/Air       34%        2-4/arc   4%          2
c - Swiftness             Air            21%        N/A       5%          3

Your spell library contained the following spells:

 Spells                   Type           Power      Damage    Failure   Level
 Airstrike                Air            10%        2d(2-18)  19%         4
 Gell's Gravitas          Tloc           1%         N/A       47%         3
 Teleport Other           Tloc           1%         N/A       47%         3
 Dispersal                Tloc           0%         N/A       100%        6


Dungeon Overview and Level Annotations

Branches:
Dungeon (4/15) Zot: 19586
 Temple: D:4-7

Altars:

Shops:
D:2 (


Innate Abilities, Weirdness & Mutations

You can breathe waves of freezing cold which knock back foes.
Your icy white scales are hard. (AC +6)
You cannot fit into any form of body armour.
Your flesh is cold resistant. (rC+)
You are cold-blooded and may be slowed by cold attacks.


Message History

Dowan is lightly wounded.
Dowan hits you but does no damage.
Unknown command.
You hit Dowan but do no damage. You tail-slap Dowan.
Dowan is moderately wounded.
Dowan gestures wildly while chanting.
Dowan blinks!
Unknown command.
Dowan says, "How can I live without her?"
Unknown command.
You are too injured to fight recklessly!
You are too injured to fight recklessly!
Casting: Shock (safe; 3% risk of failure)
Confirm with . or Enter, or press ? or * to list all spells.
Aiming: Shock (safe; 3% risk of failure)
Press: ? - help, Shift-Dir - straight line, f/p - Dowan
Aim: Dowan, wielding a +0 dagger and wearing a +0 robe (moderately wounded, fast, 60% to hit)
The zap hits Dowan.
Dowan is heavily wounded.
Dowan hits you but does no damage.
Dowan casts a spell.
Dowan blinks!
Casting: Shock (safe; 3% risk of failure)
Confirm with . or Enter, or press ? or * to list all spells.
Aiming: Shock (safe; 3% risk of failure)
Press: ? - help, Shift-Dir - straight line, f/p - Dowan
Aim: Dowan, wielding a +0 dagger and wearing a +0 robe (heavily wounded, fast, 60% to hit)
The zap hits Dowan.
Dowan is heavily wounded.
Casting: Shock (safe; 3% risk of failure)
Confirm with . or Enter, or press ? or * to list all spells.
Aiming: Shock (safe; 3% risk of failure)
Press: ? - help, Shift-Dir - straight line, f/p - Dowan
Aim: Dowan, wielding a +0 dagger and wearing a +0 robe (heavily wounded, fast, 60% to hit)
The zap misses Dowan.
Dowan closely misses you.
Casting: Shock (safe; 3% risk of failure)
Confirm with . or Enter, or press ? or * to list all spells.
Aiming: Shock (safe; 3% risk of failure)
Press: ? - help, Shift-Dir - straight line, f/p - Dowan
Aim: Dowan, wielding a +0 dagger and wearing a +0 robe (heavily wounded, fast, 60% to hit)
The zap hits Dowan.
Dowan is heavily wounded.
* * * LOW MAGIC WARNING * * *
Dowan hits you with a +0 dagger.
Die?
Thought so.
Casting: Shock (safe; 3% risk of failure)
Confirm with . or Enter, or press ? or * to list all spells.
Aiming: Shock (safe; 3% risk of failure)
Press: ? - help, Shift-Dir - straight line, f/p - Dowan
Aim: Dowan, wielding a +0 dagger and wearing a +0 robe (heavily wounded, fast, 60% to hit)
The zap hits Dowan.
Dowan is heavily wounded.
* * * LOW MAGIC WARNING * * *
Dowan says, "How can I live without her?"
Dowan hits you with a +0 dagger.
Dowan points at you and mumbles some strange words.
The stone arrow misses you.
Casting: Shock (safe; 3% risk of failure)
Confirm with . or Enter, or press ? or * to list all spells.
Aiming: Shock (safe; 3% risk of failure)
Press: ? - help, Shift-Dir - straight line, f/p - Dowan
Aim: Dowan, wielding a +0 dagger and wearing a +0 robe (heavily wounded, fast, 60% to hit)
The zap hits Dowan.
Dowan is severely wounded.
* * * LOW MAGIC WARNING * * *
Dowan hits you but does no damage.
Casting: Shock (safe; 3% risk of failure)
Confirm with . or Enter, or press ? or * to list all spells.
Aiming: Shock (safe; 3% risk of failure)
Press: ? - help, Shift-Dir - straight line, f/p - Dowan
Aim: Dowan, wielding a +0 dagger and wearing a +0 robe (severely wounded, fast, 60% to hit)
The zap hits Dowan.
Dowan is almost dead.
* * * LOW MAGIC WARNING * * *
Dowan hits you but does no damage. Dowan barely misses you.
You barely miss Dowan.
Dowan is almost dead.
Dowan hits you with a +0 dagger.
Dowan gestures wildly while chanting.
Dowan blinks!
Dowan gestures wildly while chanting.
Dowan blinks!
Dowan casts a spell.
Dowan blinks!
Dowan is nearby!
Casting: Shock (safe; 3% risk of failure)
Confirm with . or Enter, or press ? or * to list all spells.
Aiming: Shock (safe; 3% risk of failure)
Press: ? - help, Shift-Dir - straight line, f/p - Dowan
Aim: Dowan, wielding a +0 dagger and wearing a +0 robe (almost dead, fast, 60% to hit)
The zap hits Dowan.
You kill Dowan!
* * * LOW MAGIC WARNING * * *
You have reached level 7!
Your scales start taking on an icy white colour.
You learn Fire Magic much slower.
You learn Ice Magic much quicker.
You can breathe waves of freezing cold which knock back foes.
You feel resistant to cold.
Are you sure you want to abandon this character and quit the game? (Confirm with "yes".)

#####.####
#......
#.....)).#
#######
#.###.##.#
# #<#
####### #.#
#.....# #.#
#.###.# #.#
####.# #.#
#.# #....#
#[# #@#
#.#### #..
#.# #.# ###
#.# #.#
#.#######.#
#........†#
###########


There were no monsters in sight!

Vanquished Creatures
  Sigmund (D:2)
  Duvessa (D:4)
  Dowan (D:4)
  A jelly (D:4)
  A hound (D:4)
  A sleepcap (D:4)
  Jessica (D:2)
  4 adders
  A worm (D:2)
  2 dart slugs
  An orc (D:3)
  4 bats
  9 endoplasms
  2 giant cockroaches
  5 hobgoblins
  A quokka (D:2)
  3 ball pythons
  A frilled lizard (D:3)
  3 goblins
  8 kobolds
  5 rats
56 creatures vanquished.

Notes
Turn   | Place    | Note
-------+----------+-------------------------------------------
     0 | D:1      | hwolsky the Draconian Air Elementalist began the quest for
                  | the Orb.
     0 | D:1      | Reached XP level 1. HP: 14/14 MP: 3/3
   178 | D:1      | Entered explore mode.
   326 | D:1      | Reached XP level 2. HP: 20/20 MP: 0/5
  1062 | D:1      | Found a faded altar of an unknown god.
  1226 | D:2      | Found Numnitera's Antique Weapon Emporium.
  1264 | D:2      | Slain by a kobold
                  | ... wielding a +0 short sword
                  | (3 damage)
  1267 | D:2      | Reached XP level 3. HP: 25/26 MP: 2/6
  1316 | D:2      | Noticed Jessica
  1321 | D:2      | Learned a level 2 spell: Static Discharge
  1325 | D:2      | Learned a level 3 spell: Swiftness
  1336 | D:2      | Killed Jessica
  1455 | D:2      | Noticed Sigmund
  1468 | D:2      | HP: 1/26 [something (5)]
  1470 | D:2      | Slain by Sigmund
                  | ... wielding a +0 scythe
                  | (6 damage)
  1499 | D:2      | Slain by Sigmund
                  | ... wielding a +0 scythe
                  | (6 damage)
  1501 | D:2      | Killed Sigmund
  1502 | D:2      | Reached skill level 4 in Air Magic
  1502 | D:2      | Reached XP level 4. HP: 33/33 MP: 1/7
  1502 | D:2      | Reached XP level 5. HP: 38/38 MP: 1/8
  2475 | D:3      | Reached XP level 6. HP: 41/45 MP: 1/9
  3684 | D:4      | Slain by a sleepcap (11 damage)
  3935 | D:4      | Reached skill level 5 in Air Magic
  4256 | D:4      | Noticed Dowan
  4256 | D:4      | Noticed Duvessa
  4279 | D:4      | Killed from afar by Duvessa (20 damage)
                  | ... with a bolt of light
  4293 | D:4      | HP: 2/45 [Duvessa/+0 short sword (8)]
  4298 | D:4      | Slain by Duvessa
                  | ... wielding a +0 short sword
                  | (5 damage)
  4317 | D:4      | HP: 1/45 [Duvessa/+0 short sword (6)]
  4320 | D:4      | Slain by Duvessa
                  | ... wielding a +0 short sword
                  | (2 damage)
  4337 | D:4      | Slain by Duvessa
                  | ... wielding a +0 short sword
                  | (6 damage)
  4360 | D:4      | HP: 2/45 [Dowan/+0 dagger (3)]
  4361 | D:4      | Slain by Dowan
                  | ... wielding a +0 dagger
                  | (4 damage)
  4371 | D:4      | Killed Duvessa
  4386 | D:4      | HP: 2/45 [Dowan/+0 dagger (2)]
  4397 | D:4      | Slain by Dowan
                  | ... wielding a +0 dagger
                  | (5 damage)
  4410 | D:4      | Killed Dowan
  4411 | D:4      | Your scales start taking on an icy white colour.
  4411 | D:4      | Reached XP level 7. HP: 46/50 MP: 1/10
  4411 | D:4      | Gained mutation: Your flesh is cold resistant. (rC+) [White
                  | Draconian growth]
  4411 | D:4      | Quit the game

Illustrated notes

Levels and vault maps discovered:
D:1:      saegor_arrival_simple_b, layout_loops_corners,
          shapermc_ecumenical_altar_petra
D:2:      layout_basic, serial_shops, shop, uniq_jessica, uniq_sigmund
D:3:      layout_basic
D:4:      layout_basic, nicolae_wu_jian_glorious_leap,
          gammafunk_temple_overflow_forgotten, minmay_fire_ice_demons,
          uniq_duvessa, uniq_edmund

Skill      XL: |  1  2  3  4  5  6 |
---------------+-------------------+-----
Stealth        | 2 3 |  3.6
Dodging        | 2 3 |  3.3
Conjurations   | 2 3 |  3.3
Air Magic      | 4 5 |  5.5
Spellcasting   | |  2.0

Action                     |  1- 3 |  4- 6 |  7- 9 || total
---------------------------+-------+-------+-------++-------
  Melee: Unarmed           |    98 |   188 |       ||   286
         Tailslap          |     9 |    36 |       ||    45
         Punch             |     1 |     6 |       ||     7
   Cast: Shock             |    41 |    85 |       ||   126
         Static Discharge  |     3 |     4 |       ||     7
         Swiftness         |       |     1 |       ||     1
    Use: Scroll            |       |     6 |       ||     6
         Potion            |       |     1 |       ||     1
   Stab: Sleeping          |       |     1 |       ||     1
 Armour: Skin              |    26 |    87 |       ||   113
  Dodge: Dodged            |    58 |   117 |       ||   175

Table legend: (Time is in decaauts)
 A = Elapsed time spent in this place.
 B = Non-inter-level travel time spent in this place.
 C = Inter-level travel time spent in this place.
 D = Time resting spent in this place.
 E = Time spent auto-exploring this place.
 F = Levels seen in this place.
 G = Mean time per level.
                   A        B        C        D        E       F      G
               +--------+--------+--------+--------+--------+-----+--------+
         Total |   4413 |   4058 |    355 |     32 |   3365 |   4 | 1103.2 |
       Dungeon |   4413 |   4058 |    355 |     32 |   3365 |   4 | 1103.2 |
               +--------+--------+--------+--------+--------+-----+--------+

Top non-repeatable levels by time:
     D:3: 1322 daAuts
     D:1: 1171 daAuts
     D:2: 1128 daAuts
     D:4: 791 daAuts
